 Dungeon Crawl Stone Soup version 0.29-a0-330-g52719c12eb (webtiles) character file.

Game seed: 1410980567153895224

21 Crownlay the Thrower (level 2, 0/20 HPs)
             Began as a Gnoll Wanderer on Apr 19, 2022.
             Was an Initiate of Ru.
             Slain by a goblin
             ... wielding a +0 dagger
             ... led by Robin
              (2 damage)
             ... on level 2 of the Dungeon.
             The game lasted 00:02:04 (641 turns).

Crownlay the Thrower (Gnoll Wanderer)                Turns: 641, Time: 00:02:05

Health: 0/20       AC:  2    Str:  9    XL:     2   Next: 87%
Magic:  5/5        EV: 11    Int: 11    God:    Ru [......]
Gold:   42         SH:  0    Dex: 11    Spells: 5/6 levels left

rFire   . . .      SeeInvis .   c - +0 dagger
rCold   . . .      Faith    .   (no shield)
rNeg    . . .      Spirit   .   e - +0 robe
rPois   .          Reflect  .   (no helmet)
rElec   .          Harm     .   (no cloak)
rCorr   .          Rampage  .   (no gloves)
Will    .....                   (no boots)
Stlth   +.........              (no amulet)
HPRegen 0.06/turn               (no ring)
MPRegen 0.09/turn               (no ring)

@: no status effects
A: fangs 1, weak 1, strong nose, distributed training
a: Renounce Religion


You were on level 2 of the Dungeon.
You worshipped Ru.
Ru was noncommittal.
You visited 1 branch of the dungeon, and saw 2 of its levels.

You collected 42 gold pieces.

Inventory:

Hand Weapons
 a - a +0 shortbow
 c - a +0 dagger (weapon)
Missiles
 b - 8 poisoned darts (quivered)
Armour
 e - a +0 robe (worn)
Scrolls
 f - a scroll of fear {unknown}
 g - a scroll of enchant armour {unknown}
 i - 2 scrolls of identify {unknown}
 j - a scroll of magic mapping {unknown}
Potions
 d - a potion of lignification
 h - a potion of ambrosia {unknown}
 k - a potion of curing {unknown}


   Skills:
 + Level 0.5 Fighting
 + Level 0.5 Short Blades
 + Level 0.5 Long Blades
 + Level 0.5 Axes
 + Level 0.5 Maces & Flails
 + Level 0.5 Polearms
 + Level 0.5 Staves
 + Level 0.5 Slings
 + Level 2.5 Bows
 + Level 0.5 Crossbows
 + Level 8.5 Throwing
 + Level 0.5 Armour
 + Level 0.5 Dodging
 + Level 0.5 Stealth
 + Level 0.5 Shields
 + Level 0.5 Unarmed Combat
 + Level 2.7 Spellcasting
 + Level 0.4 Conjurations
 + Level 0.4 Hexes
 + Level 0.4 Summonings
 + Level 0.4 Necromancy
 + Level 5.4 Translocations
 + Level 0.4 Transmutations
 + Level 0.4 Fire Magic
 + Level 0.4 Ice Magic
 + Level 0.4 Air Magic
 + Level 0.4 Earth Magic
 + Level 0.4 Poison Magic
 + Level 0.7 Invocations
 + Level 2.5 Evocations


You had 5 spell levels left.
You knew the following spells:

 Your Spells              Type           Power      Damage    Failure   Level
a - Apportation           Tloc           26%        N/A       3%          1

Your spell library contained the following spells:

 Spells                   Type           Power      Damage    Failure   Level
 Lesser Beckoning         Tloc           13%        N/A       9%          3
 Teleport Other           Tloc           13%        N/A       9%          3


Dungeon Overview and Level Annotations

Branches:
Dungeon (2/15)

Altars:
Ru


Innate Abilities, Weirdness & Mutations

You have very sharp teeth.
You are weak. (Str -2)
Your uncanny sense of smell can sniff out nearby items.
Your experience applies equally to all skills.


Message History

You shoot an arrow. The arrow barely misses the hobgoblin.
A goblin comes into view. It is wielding a +0 dagger.
The hobgoblin hits you.
A goblin comes into view. It is wielding a +0 club.
You shoot an arrow. The arrow barely misses the hobgoblin.
The goblin shouts!
The hobgoblin hits you.
A hobgoblin comes into view.
The hobgoblin closely misses you.
A goblin comes into view. It is wielding a +0 dagger.
The hobgoblin moves out of view.
You shoot an arrow. The arrow hits the hobgoblin.
You kill the hobgoblin!
You shoot an arrow. The hobgoblin shouts!
The arrow hits the goblin.
The goblin is moderately wounded.
A goblin comes into view. It is wielding a +0 dagger.
The goblin hits you with a +0 dagger.
The goblin moves out of view.
You shoot an arrow. The arrow completely misses the goblin.
The goblin hits you with a +0 club. The goblin hits you with a +0 dagger.
* * * LOW HITPOINT WARNING * * *
You are too injured to fight recklessly!
You are too injured to fight recklessly!
You are too injured to fight recklessly!
Casting: Apportation (safe; 3% risk of failure)
Confirm with . or Enter, or press ? or * to list all spells.
Aiming: Apportation (safe; 3% risk of failure)
Press: ? - help, Dir - move target, p - goblin Apport: a +0 club
Okay, then.
c - a +0 dagger (weapon)
The goblin misses you. The goblin hits you with a +0 dagger.
* * * LOW HITPOINT WARNING * * *
You barely miss the goblin.
The goblin is moderately wounded.
The goblin hits you with a +0 club.
* * * LOW HITPOINT WARNING * * *
The goblin hits you with a +0 dagger.
You die...

#.....#.#<#.#
....#.#.#.#.#
#......#...##
#....#.#....#####
#.............<#
#...#..###'#####
#########............†..
.)gggggg##.....##.......
#@##....###...<...
#........##.......
#######....##.......
#..........#########
#.######...# #.# ##>.#
#.# ##.# #.# #.# #.# #|#


You could see 6 goblins.

Vanquished Creatures
  2 dart slugs (D:1)
  A giant cockroach (D:1)
  3 hobgoblins
  A quokka (D:1)
  A bat (D:1)
  3 frilled lizards (D:1)
  3 goblins
  A kobold (D:1)
  3 rats
18 creatures vanquished.

Vanquished Creatures (others)
  A fungus (D:1)
1 creature vanquished.

Grand Total: 19 creatures vanquished

Notes
Turn   | Place    | Note
-------+----------+-------------------------------------------
     0 | D:1      | Crownlay the Gnoll Wanderer began the quest for the Orb.
     0 | D:1      | Crownlay set off with the following items: a +0 shortbow, 8
                  | poisoned darts, a +0 dagger, a potion of lignification, a
                  | +0 robe; and the following spell memorised: Apportation;
                  | and the following spells available to memorise: Lesser
                  | Beckoning, Teleport Other
     0 | D:1      | Reached XP level 1. HP: 13/13 MP: 4/4
   266 | D:1      | Reached XP level 2. HP: 19/19 MP: 5/5
   272 | D:1      | Found a faded altar of an unknown god.
   327 | D:1      | Prayed at the altar of an unknown god.
   327 | D:1      | Became a worshipper of Ru the Awakened
   346 | D:1      | Gained mutation: You are weak. (Str -2) [Ru sacrifice]
   641 | D:2      | Slain by a goblin

Illustrated notes

Levels and vault maps discovered:
D:1:      matt_arrival_grand_opening, layout_rooms,
          shapermc_ecumenical_altar_acropolis, hangedman_decor_lopped,
          minmay_pentomino_t4
D:2:      layout_basic, uniq_terence, uniq_robin

Action                   || total
-------------------------++-------
Melee: Dagger            ||     1
 Fire: Shortbow          ||    42
Throw: Dart              ||     1
 Cast: Apportation       ||     2
Invok: Sacrifice Purity  ||     1
Armor: Robe              ||     1
Dodge: Dodged            ||     4

Table legend: (Time is in decaauts)
 A = Elapsed time spent in this place.
 B = Non-inter-level travel time spent in this place.
 C = Inter-level travel time spent in this place.
 D = Time resting spent in this place.
 E = Time spent auto-exploring this place.
 F = Levels seen in this place.
 G = Mean time per level.
                   A        B        C        D        E       F      G
               +--------+--------+--------+--------+--------+-----+--------+
         Total |    658 |    631 |     27 |      0 |    523 |   2 |  329.0 |
       Dungeon |    658 |    631 |     27 |      0 |    523 |   2 |  329.0 |
               +--------+--------+--------+--------+--------+-----+--------+

Top non-repeatable levels by time:
     D:1: 594 daAuts
     D:2: 63 daAuts
